 Dungeon Crawl Stone Soup version 0.20.1-1-g8b1a95d (webtiles) character file.

447 Ymberti the Magician (level 6, -3/34 HPs)
             Began as a Deep Elf Fire Elementalist on Oct 12, 2017.
             Killed from afar by an orc wizard (5 damage)
             ... with a puff of flame
             ... on level 5 of the Dungeon.
             The game lasted 00:08:22 (3114 turns).

Ymberti the Magician (Deep Elf Fire Elementalist)   Turns: 3114, Time: 00:08:22

Health: -3/34      AC:  4    Str:  5    XL:     6   Next: 73%
Magic:  16/16      EV: 13    Int: 22    God:
Gold:   234        SH:  0    Dex: 15    Spells: 15/16 levels left

rFire    . . .     SeeInvis .   A - +0 quarterstaff
rCold    . . .     Gourm    .   (shield currently unavailable)
rNeg     . . .     Faith    .   a - +0 robe
rPois    .         Spirit   .   (no helmet)
rElec    .         Reflect  .   d - +0 cloak
rCorr    .         Harm     .   (no gloves)
MR       .....                  q - +0 pair of boots
Stlth    ++........             (no amulet)
Regen    0.2/turn               (no ring)
MPRegen  0.2/turn               (no ring)

@: no status effects
A: no striking features
a: no special abilities


You were on level 5 of the Dungeon.
You were not hungry.

You visited 1 branch of the dungeon, and saw 5 of its levels.

You collected 234 gold pieces.

Inventory:

Hand Weapons
 A - a +0 quarterstaff (weapon)
Armour
 a - a +0 robe (worn)
 d - a +0 cloak (worn)
 q - a +0 pair of boots (worn)
Wands
 y - a wand of confusion (35/48)
Scrolls
 h - a scroll of teleportation {unknown}
 k - a scroll of amnesia
 l - 2 scrolls of immolation {unknown}
 m - a scroll of fear {unknown}
 n - 4 scrolls of identify {unknown}
 o - a scroll of remove curse
 p - 2 scrolls of enchant armour {unknown}
 r - a scroll of enchant weapon {unknown}
 u - 2 scrolls of blinking {unknown}
 x - a scroll of magic mapping {unknown}
Potions
 e - 2 potions of lignification {unknown}
 f - 2 potions of curing
 g - a potion of cancellation {unknown}
 i - 3 potions of agility {unknown}
 j - a potion of might {unknown}
 s - a potion of brilliance {unknown}
 t - 2 potions of flight {unknown}
 w - a potion of mutation {unknown}
Books
 b - a book of Flames

   Spells                             Type                      Level
   a - Flame Tongue                   Conjuration/Fire             1
   b - Throw Flame                    Conjuration/Fire             2
   c - Conjure Flame                  Conjuration/Fire             3
   d - Inner Flame                    Hexes/Fire                   3
   e - Sticky Flame                   Conjuration/Fire             4
   f - Fireball                       Conjuration/Fire             5
Comestibles
 c - 5 bread rations
 v - a royal jelly
 z - 4 fruits


   Skills:
 + Level 1.0 Fighting
 + Level 3.2 Dodging
 + Level 3.6 Stealth
 + Level 0.2 Unarmed Combat
 + Level 5.7 Spellcasting
 + Level 2.9 Conjurations
 + Level 5.6 Fire Magic


You had 15 spell levels left.
You knew the following spells:

 Your Spells              Type           Power        Failure   Level  Hunger
a - Flame Tongue          Conj/Fire      ####.        1%          1    None


Dungeon Overview and Level Annotations

Branches:
Dungeon (5/15)
 Temple: D:4-7

Altars:
Ashenzari


Message History

The orc closely misses you.
You hit something. Something hits you but does no damage.
A sky beast appears from thin air!
Reactivating autopickup.
The sky beast hits you. The sky beast shocks you. The orc closely misses you.
The orc hits you with a hand axe! Something hits you but does no damage.
Deactivating autopickup; reactivate with Ctrl-A.
The sky beast misses you. The sky beast hits you. The sky beast shocks you.
* * * LOW HITPOINT WARNING * * *
The sky beast hits you.
* * * LOW HITPOINT WARNING * * *
The sky beast shocks you.
* * * LOW HITPOINT WARNING * * *
You see here an iguana corpse.
You hear some strange, mumbled words.
A puff of flame appears from out of thin air!
The puff of flame hits you!
You die...

#.# #............
#.#..#.......(....
#.#.....##.##.####
#.#.##...#....# #.#
#.....#..##
#.#..........#
#.#..........#
#.#...........#
##@#.#..........
#.†#.#......##.#
#.##........
########Y##........
.......o.##........
.......o.#..#.....#
.........#.......#
.............######
..................#


You could see a sky beast and 2 orcs.

Vanquished Creatures
  2 ogres (D:4)
  A hound (D:4)
  An orc priest (D:5)
  2 iguanas
  A worker ant (D:5)
  8 adders
  A howler monkey skeleton (D:4)
  An ooze (D:1)
  A worm (D:3)
  A leopard gecko (D:2)
  An orc (D:3)
  2 ball pythons
  7 bats
  3 giant cockroaches
  9 goblins
  7 hobgoblins
  6 jackals (D:2)
  8 kobolds
  A frilled lizard (D:2)
  A leopard gecko skeleton (D:3)
  3 rats
67 creatures vanquished.

Notes
Turn   | Place    | Note
-------+----------+-------------------------------------------
     0 | D:1      | Ymberti the Deep Elf Fire Elementalist began the quest for the Orb.
     0 | D:1      | Reached XP level 1. HP: 10/10 MP: 6/6
   265 | D:1      | Reached XP level 2. HP: 15/15 MP: 6/8
   691 | D:2      | Reached XP level 3. HP: 19/19 MP: 1/9
   935 | D:2      | Reached XP level 4. HP: 10/24 MP: 3/11
  2487 | D:4      | Noticed an ogre
  2494 | D:4      | Killed an ogre
  2494 | D:4      | Reached XP level 5. HP: 28/28 MP: 8/14
  2526 | D:4      | Noticed an ogre
  2532 | D:4      | Killed an ogre
  2532 | D:4      | Reached skill level 5 in Spellcasting
  2532 | D:4      | Reached skill level 5 in Fire Magic
  2532 | D:4      | Reached XP level 6. HP: 19/33 MP: 8/15
  2586 | D:4      | Found a shattered altar of Ashenzari.
  2630 | D:4      | Reached skill level 1 in Fighting
  2987 | D:5      | Entered Level 5 of the Dungeon
  3087 | D:5      | Noticed a sky beast
  3114 | D:5      | Killed from afar by an orc wizard

Skill      XL: |  1  2  3  4  5  6 |
---------------+-------------------+-----
Fire Magic     | 4 5 |  5.6
Stealth        | 3 |  3.6
Dodging        | 3 |  3.2
Spellcasting   | 4 5 |  5.7
Conjurations   | 2 |  2.9
Fighting       | 1 |  1.0
Unarmed Combat | |  0.2

Action                   |  1- 3 |  4- 6 || total
-------------------------+-------+-------++-------
Melee: Unarmed           |    12 |     3 ||    15
       Quarterstaff      |       |     1 ||     1
 Cast: Flame Tongue      |    40 |    95 ||   135
  Use: Scroll            |     2 |     1 ||     3
       Potion            |       |     1 ||     1
 Stab: Distracted        |       |     1 ||     1
  Eat: Bread ration      |       |     1 ||     1
       Royal jelly       |       |     1 ||     1
Armor: Robe              |    10 |    17 ||    27
Dodge: Dodged            |    31 |    30 ||    61
